 Dungeon Crawl Stone Soup version 0.31-a0-667-g39726597b9 (webtiles) character file.

Game seed: 10776980690780348677

2412 majlo the Ruffian (level 9, -5/65 HPs)
             Began as a Demonspawn Shapeshifter on Sept 3, 2023.
             Was a Follower of Makhleb.
             Slain by an orc warrior
             ... wielding a +0 halberd
              (17 damage)
             ... on level 7 of the Dungeon.
             The game lasted 00:18:58 (5761 turns).

majlo the Ruffian (Demonspawn Shapeshifter)         Turns: 5761, Time: 00:18:59

Health: -5/65      AC:  8    Str: 16    XL:     9   Next: 23%
Magic:  12/13      EV: 12    Int: 15    God:    Makhleb [*.....]
Gold:   267        SH:  4    Dex: 12    Spells: 8/8 levels left

rFire   . .          .
                       - Unarmed
rCold   . . .        (shield currently unavailable)
rNeg    . . .        a - +0 animal skin
rPois   .            (no helmet)
rElec   .            e - +1 cloak
rCorr   .            E - +0 pair of gloves
SInv    .            v - +0 pair of boots
Will    .....        (no amulet)
Stlth   +            (no ring)
HPRegen 0.30/turn    (no ring)
MPRegen 0.13/turn

%: no passive effects
@: lethally poisoned (-5 -> -9), flux-form, glowing
A: glow, contaminating, slimy green scales 1, demonic guardian 1, condensation
shield
a: Begin Untransformation, Renounce Religion


You were on level 7 of the Dungeon.
You worshipped Makhleb.
Makhleb was aware of your devotion.
You were something dangerously unstable.
You visited 2 branches of the dungeon, and saw 8 of its levels.

You collected 267 gold pieces.

Inventory:

Armour
 a - a +0 animal skin (worn)
 e - a +1 cloak (worn)
 h - an orb of energy
 v - a +0 pair of boots (worn)
 E - a +0 pair of gloves (worn)
Jewellery
 r - a ring of fire
Talismans
 c - a beast talisman
 d - a flux talisman (active)
Wands
 t - a wand of polymorph (9)
 x - a wand of flame (48)
Scrolls
 i - 3 scrolls of enchant armour
 k - 4 scrolls of identify
 l - a scroll of brand weapon {unknown}
 m - a scroll of vulnerability {unknown}
 o - a scroll of silence
 s - a scroll of fog {unknown}
 u - 3 scrolls of revelation {unknown}
 w - 3 scrolls of amnesia {unknown}
 y - a scroll of noise {unknown}
 A - a scroll of teleportation {unknown}
 C - 2 scrolls of poison {unknown}
 D - a scroll of enchant weapon {unknown}
Potions
 b - a potion of lignification
 f - a potion of magic
 g - 2 potions of heal wounds
 j - a potion of brilliance {unknown}
 n - 2 potions of enlightenment {unknown}
 p - 4 potions of curing {unknown}
 q - 2 potions of mutation {unknown}
 z - a potion of attraction {unknown}
 B - a potion of cancellation {unknown}
 F - a potion of haste {unknown}
 G - a potion of resistance {unknown}


   Skills:
 + Level 4.3 Fighting
 - Level 1.7 Dodging
 * Level 7.5 Unarmed Combat
 + Level 5.4 Invocations
 - Level 7.0 Shapeshifting


You had 8 spell levels left.
You didn't know any spells.
Your spell library contained the following spells:

 Spells                   Type           Power      Damage    Failure   Level
 Freeze                   Ice            0%         1d3       26%         1
 Magic Dart               Conj           0%         1d3       26%         1
 Poisonous Vapours        Pois/Air       0%         N/A       38%         2
 Searing Ray              Conj           0%         2d4       38%         2
 Frozen Ramparts          Ice            0%         1d1       63%         3
 Hailstorm                Conj/Ice       0%         3d3       63%         3
 Inner Flame              Hex/Fire       0%         N/A       63%         3
 Mephitic Cloud           Conj/Pois/Air  0%         N/A       63%         3
 Flame Wave               Conj/Fire      0%         2d4       95%         4
 Fulminant Prism          Conj/Hex       0%         3d5       95%         4
 Sticky Flame             Conj/Fire      0%         2d3       95%         4
 Freezing Cloud           Conj/Ice/Air   0%         6-21      100%        5


Dungeon Overview and Level Annotations

Branches:
Dungeon (7/15)             Temple (1/1) D:4

Altars:
Ashenzari
Cheibriados
Dithmenos
Fedhas
Makhleb
Nemelex Xobeh
Okawaru
Ru
Trog
Vehumet
Wu Jian
Xom

Shops:
D:2 [?[=   D:5 =

Annotations:
D:3 3 runed translucent doors, Scrael's ghost, amateur DgSh; niknal's ghost, novice TrWr


Innate Abilities, Weirdness & Mutations

You are something dangerously unstable.
You glow with magical radiation, making you easy to see and hit.
Foes you strike become dangerously contaminated with magical radiation.
You are incapable of wielding weapons or throwing items.
You are partially covered in slimy green scales. (AC +2)
A weak demonic guardian rushes to your aid.
A meltable shield of frost defends you. (SH +4)


Message History

You feel sick.
The orc warrior hits you from afar with a +0 halberd!
* * * LOW HITPOINT WARNING * * *
You block the water moccasin's attack.
It was a potion of heal wounds.
You feel much better.
You feel sick. You block the water moccasin's attack.
The orc warrior hits you from afar with a +0 halberd.
Okay, then.
You hit the water moccasin.
The water moccasin shudders as magic cascades through it.
The water moccasin twists and deforms.
The water moccasin is heavily wounded.
You feel sick.
The orc warrior stops glowing.
The water moccasin barely misses you. The orc warrior completely misses you.
You barely miss the water moccasin.
The water moccasin is heavily wounded.
You feel sick. The water moccasin bites you.
* * * LOW HITPOINT WARNING * * *
You are more poisoned.
The water moccasin poisons you! You block the water moccasin's attack.
The orc warrior barely misses you.
You hit the water moccasin but do no damage.
The water moccasin begins to glow.
The water moccasin is heavily wounded.
You feel sick. The water moccasin misses you.
The orc warrior closely misses you.
You hit the water moccasin but do no damage.
The water moccasin glows dangerously bright.
The water moccasin is heavily wounded.
You feel sick.
The water moccasin completely misses you.
You block the orc warrior's attack.
You hit the water moccasin.
The water moccasin shudders as magic cascades through it!
You kill the water moccasin!
Makhleb accepts your kill.
You feel sick.
You feel sick.
The orc warrior hits you with a +0 halberd!
You die...

#.# #># #.# #<#
#####.# #.....#
#.#####
#.##############..
#.......Bo........
#.#######..[..#..
#.# #.#.#..# #.#
#.#.# ## #.# +...#
#.# #.#.. #.#
#.#.# #.# #.#.# ..
#S


You could see an orc warrior.

Vanquished Creatures
  Prince Ribbit (D:6)
  Sigmund (D:2)
  2 water moccasins
  An ice beast (D:6)
  2 black bears
  2 ogres
  2 phantoms (D:6)
  A kobold brigand (D:6)
  A bullfrog (D:7)
  A gnoll sergeant (D:6)
  5 scorpions
  2 hounds (D:4)
  3 jellies
  2 orc priests
  An iguana (D:5)
  3 orc wizards (D:6)
  3 scorpion zombies (D:4)
  A sleepcap (D:5)
  Ijyb (D:4)
  6 adders
  6 gnolls
  A shadow imp (D:6)
  An ufetubus (D:6)
  An adder zombie (D:4)
  4 worms
  4 dart slugs
  12 orcs
  3 bats
  5 endoplasms
  A giant cockroach (D:4)
  9 goblins
  4 hobgoblins
  3 jackals (D:5)
  2 quokkas (D:1)
  8 ball pythons
  A frilled lizard (D:1)
  9 kobolds
  4 rats
119 creatures vanquished.

Vanquished Creatures (collateral kills)
  A black bear (D:6)
  A kobold (D:6)
2 creatures vanquished.

Grand Total: 121 creatures vanquished

Notes
Turn   | Place    | Note
-------+----------+-------------------------------------------
     0 | D:1      | majlo the Demonspawn Shapeshifter began the quest for the
                  | Orb.
     0 | D:1      | Reached XP level 1. HP: 15/15 MP: 1/1
   194 | D:1      | Gained mutation: You are partially covered in slimy green
                  | scales. (AC +2) [demonic ancestry]
   194 | D:1      | Reached XP level 2. HP: 18/21 MP: 2/2
   705 | D:1      | Reached XP level 3. HP: 24/26 MP: 3/3
   906 | D:2      | Found Lisust's Antique Armour Emporium.
  1097 | D:2      | Noticed Sigmund
  1236 | D:2      | Found Zikatergha's Jewellery Boutique.
  1291 | D:2      | Found Wedgh's Magic Scroll Boutique.
  1376 | D:2      | You fall into a shaft and drop 2 floors!
  1425 | D:4      | Reached XP level 4. HP: 18/32 MP: 4/4
  1506 | D:4      | Noticed Ijyb
  1509 | D:4      | Found a staircase to the Ecumenical Temple.
  1574 | D:3      | Found a runed translucent gate.
  1574 | D:3      | Found a runed translucent gate.
  1575 | D:3      | Found a runed translucent gate.
  1731 | D:2      | Found Wifeliuc's Armour Emporium.
  1795 | D:2      | Found a faded altar of an unknown god.
  2056 | D:3      | Reached skill level 5 in Unarmed Combat
  2161 | D:3      | Noticed niknal's ghost (novice TrWr)
  2161 | D:3      | Noticed Scrael's ghost (amateur DgSh)
  2336 | D:3      | Gained mutation: A meltable shield of frost defends you.
                  | (SH +4) [demonic ancestry]
  2336 | D:3      | Reached XP level 5. HP: 36/37 MP: 5/5
  2952 | D:4      | Killed Ijyb
  3021 | Temple   | Found a transporter.
  3021 | Temple   | Found a transporter.
  3021 | Temple   | Found a transporter.
  3021 | Temple   | Found a transporter.
  3021 | Temple   | Entered the Ecumenical Temple
  3048 | Temple   | Became a worshipper of Makhleb the Destroyer
  3155 | D:4      | Reached XP level 6. HP: 41/42 MP: 6/6
  3375 | D:4      | Reached skill level 5 in Shapeshifting
  3521 | D:5      | Entered Level 5 of the Dungeon
  3541 | D:5      | Found Zoshrunta's Jewellery Shoppe.
  3632 | D:5      | Gained mutation: A weak demonic guardian rushes to your
                  | aid. [demonic ancestry]
  3632 | D:5      | Reached XP level 7. HP: 37/48 MP: 7/7
  3716 | D:5      | Found a bloodstained altar of Trog.
  3802 | D:5      | Found a snail-covered altar of Cheibriados.
  4024 | D:5      | Noticed an angel
  4057 | D:5      | Found a shimmering altar of Xom.
  4074 | D:5      | Reached * piety under Makhleb
  4375 | D:2      | Killed Sigmund
  4376 | D:2      | Reached skill level 1 in Invocations
  4376 | D:2      | Reached XP level 8. HP: 54/54 MP: 7/9
  4453 | D:6      | Found a sacrificial altar of Ru.
  4917 | D:6      | Noticed Prince Ribbit
  4931 | D:6      | Killed Prince Ribbit
  5195 | D:6      | Reached XP level 9. HP: 47/65 MP: 12/12
  5388 | D:6      | Found an iron altar of Okawaru.
  5396 | D:6      | Reached ** piety under Makhleb
  5402 | D:6      | Reached skill level 5 in Invocations
  5702 | D:5      | Found a shadowy altar of Dithmenos.
  5761 | D:7      | Slain by an orc warrior

Illustrated notes

Levels and vault maps discovered:
D:1:      elethiomel_arrival_quiet, layout_rooms
D:2:      layout_loops_cross, hellmonk_ecumenical_altar_leap_of_faith,
          serial_shops, shop, shop_statue, nicolae_shop_waterfront,
          shop_fountains, minmay_misc_feat_x, minmay_stone_trees_small,
          uniq_sigmund
D:3:      layout_rooms, gammafunk_ghost_cemetery
D:4:      layout_cave_pools, minmay_temple_entry_mini_moons, serial_undead,
          serial_undead_b, serial_undead_d, serial_undead_c, serial_undead_f,
          nicolae_figureground_pulse, uniq_ijyb
D:5:      layout_rooms, grunt_temple_overflow_order_and_chaos_1,
          nicolae_overflow_hidden_temple, mainiacjoe_overflow_large_starburst,
          mainiacjoe_overflow_alcove_1, serial_shops, shop
D:6:      layout_loops_ring, kennysheep_mini, okawaru_gym_becter,
          kennysheep_generic_room_6, uniq_prince_ribbit1
D:7:      layout_loops_ring, kennysheep_nondescript, minmay_shattered_shrine,
          uniq_maggie, uniq_jeremiah
Temple:   hellmonk_temple_divided_pantheon

Skill      XL: |  1  2  3  4  5  6  7  8  9 |
---------------+----------------------------+-----
Unarmed Combat | 3 4 5 7 |  7.5
Shapeshifting  | 3 4 5 7 |  7.0
Invocations    | 1 4 5 |  5.4
Fighting       | 3 4 |  4.3
Dodging        | |  1.7

Action                     |  1- 3 |  4- 6 |  7- 9 || total
---------------------------+-------+-------+-------++-------
  Melee: Unarmed           |   114 |   166 |   218 ||   498
         Punch             |     1 |     6 |     3 ||    10
Ability: Begin Untransform |     1 |       |     1 ||     2
  Evoke: Wand              |       |       |     5 ||     5
    Use: Scroll            |     3 |     1 |       ||     4
         Potion            |       |       |     1 ||     1
 Armour: Animal skin       |    58 |    78 |   115 ||   251
  Dodge: Dodged            |    54 |    68 |    92 ||   214
  Block: Other             |       |    16 |    32 ||    48
   Form: Beast             |     1 |       |       ||     1
         Flux              |       |       |     2 ||     2

Table legend: (Time is in decaauts)
 A = Elapsed time spent in this place.
 B = Non-inter-level travel time spent in this place.
 C = Inter-level travel time spent in this place.
 D = Time resting spent in this place.
 E = Time spent auto-exploring this place.
 F = Levels seen in this place.
 G = Mean time per level.
                   A        B        C        D        E       F      G
               +--------+--------+--------+--------+--------+-----+--------+
         Total |   5719 |   5432 |    287 |      0 |   4185 |   8 |  714.9 |
       Dungeon |   5677 |   5411 |    266 |      0 |   4185 |   7 |  811.0 |
        Temple |     42 |     21 |     21 |      0 |      0 |   1 |   42.0 |
               +--------+--------+--------+--------+--------+-----+--------+

Top non-repeatable levels by time:
     D:2: 1148 daAuts
     D:6: 1146 daAuts
     D:3: 938 daAuts
     D:5: 909 daAuts
     D:1: 752 daAuts
     D:4: 740 daAuts
  Temple: 42 daAuts
     D:7: 41 daAuts
